AoeStats
← Chiripa605

Hill Fort

506881914Analyzed
3v3 RM · 16d ago on Sep 15, 2026· 45m 49s· 6 players
Game mode
Random Map
Map size
Normal (6 player)
Population
200
Speed
Normal
Resources
Standard
Victory
Conquest
Starting age
Dark Age
Ending age
Imperial Age
RankedLock teamsTeams togetherTeam positionsShared explorationLock speedFull tech treeHidden civsTurbo modeCheats
Victory
Defeat
🇺🇸 Spanish · United States
1359
+14
🇺🇸 Persians · United States
1342
+14
🇺🇸 Georgians · United States
1240
+19
🇹🇼 Franks · Taiwan
1327
-17
🇹🇼 Teutons · Taiwan
1299
-15
🇹🇼 Dravidians · Taiwan
1281
-15
[ITCF]Hentai
11:07 Feudal Age
13:28 Loom
15:50 Castle Age
14:51 Scale Barding Armor
16:03 Forging
16:35 Loom
25:15 Double-Bit Axe
26:51 Husbandry
29:51 Town Watch
31:23 Chain Barding Armor
33:45 Iron Casting
36:35 Light Cavalry
38:20 #83
38:20 Bow Saw
38:17 Herbal Medicine
39:20 Fletching
41:36 Pikeman
42:16 Squires
46:23 Imperial Age
45:40 Bodkin Arrow
[ITCF]TANK
7:09 Loom
9:22 Feudal Age
9:53 Double-Bit Axe
14:08 Fletching
20:25 Horse Collar
27:02 Castle Age
27:55 Bow Saw
31:52 Scale Mail Armor
32:03 Forging
33:04 Gold Mining
33:57 Chain Mail Armor
34:18 Iron Casting
33:17 Pikeman
33:58 Squires
37:25 Heavy Plow
39:32 Wheelbarrow
43:59 Imperial Age
41:52 Hand Cart
43:04 Stone Mining
44:11 Arson
44:59 Halberdier
46:10 Plate Mail Armor
46:40 Blast Furnace
46:02 Conscription
[ITCF]yuli
7:33 Loom
9:34 Feudal Age
14:09 Fletching
18:16 Gold Mining
21:56 Padded Archer Armor
25:15 Castle Age
23:28 Double-Bit Axe
23:29 Horse Collar
25:18 Crossbowman
26:37 Bodkin Arrow
27:06 Thumb Ring
27:31 Ballistics
29:18 Leather Archer Armor
31:11 Bow Saw
Pwncakes
0:39 Loom
10:08 Feudal Age
10:39 Double-Bit Axe
11:17 Loom
16:56 Wheelbarrow
17:26 Horse Collar
19:06 Gold Mining
19:50 Scale Barding Armor
24:37 Castle Age
22:49 Forging
23:41 Bloodlines
25:07 Husbandry
24:29 Pikeman
24:49 Light Cavalry
26:06 Arson
26:43 Stone Mining
27:07 Scale Mail Armor
27:29 Chain Barding Armor
27:46 Iron Casting
27:27 Hand Cart
27:30 Heavy Plow
27:13 Fishing Lines
28:37 Gillnets
29:20 Hand Cart
28:50 Town Watch
31:20 Fletching
41:19 Imperial Age
40:12 Murder Holes
40:30 Masonry
41:41 Bodkin Arrow
42:52 Padded Archer Armor
44:01 Chemistry
43:21 Bow Saw
43:46 Gold Shaft Mining
44:14 Leather Archer Armor
44:01 Cavalier
45:21 Heavy Cavalry Archer
46:27 Parthian Tactics
Chiripa605
11:37 Feudal Age
10:07 Loom
15:54 Castle Age
14:37 Double-Bit Axe
15:27 Horse Collar
17:17 Bow Saw
21:10 Bloodlines
22:10 Scale Barding Armor
24:16 Forging
27:07 Husbandry
28:48 Chain Barding Armor
29:23 Wheelbarrow
31:03 Heavy Plow
31:15 Stone Mining
31:15 Gold Mining
31:25 Town Watch
35:12 Hand Cart
38:48 Imperial Age
39:55 Iron Casting
40:12 Plate Barding Armor
39:23 Cavalier
41:58 Iron Casting
41:50 Conscription
42:01 Svan Towers
42:10 Guard Tower
42:07 Arrowslits
44:53 Chemistry
44:15 Fletching
44:08 Elite Monaspa
45:13 Bodkin Arrow
46:20 Bracer
alexisjcw
10:06 Loom
11:52 Feudal Age
16:19 Fletching
26:44 Horse Collar
28:25 Double-Bit Axe
29:53 Wheelbarrow
33:34 Castle Age
31:49 Gold Mining
31:55 Stone Mining
32:21 Padded Archer Armor
34:59 Bow Saw
34:52 Heavy Plow
38:55 Bloodlines
38:46 Husbandry
39:07 Leather Archer Armor
38:44 Town Watch
43:12 Fervor
43:24 Sanctity
44:21 Bodkin Arrow
Connection lost

Rejoining the realm…

Still unreachable

The connection could not be restored.

Session expired

The server has moved on; the page needs a fresh start.